 Dungeon Crawl Stone Soup version 0.27-a0-1456-gf5a116941d (webtiles) character file.

Game seed: 12715218549845769683

243624 Sobieck the Gnoll Aeon (level 19, -3/148 HPs)
             Began as a Gnoll Ice Elementalist on July 3, 2021.
             Was the Champion of Cheibriados.
             Slain by a vault warden (12 damage)
             ... on level 1 of the Vaults on July 5, 2021.
             The game lasted 02:38:28 (46191 turns).

Sobieck the Gnoll Aeon (Gnoll Ice Elementalist)    Turns: 46191, Time: 02:38:29

Health: -3/148     AC: 15    Str: 29    XL:     19   Next: 42%
Magic:  18/36      EV: 27    Int: 43    God:    Cheibriados [******]
Gold:   441        SH: 30    Dex: 34    Spells: 22/45 levels left

rFire    + . .     SeeInvis .   a - +8 broad axe (freeze) {axe}
rCold    . . .     Faith    .   g - +3 tower shield
rNeg     . . .     Spirit   .   N - +2 robe {Archmagi}
rPois    .         Reflect  +   z - +2 helmet
rElec    +         Harm     .   U - scarf {rC+ rF+}
rCorr    .         Rampage  .   b - +2 pair of gloves
Will     +....     Archmagi +   A - +2 pair of boots
Stlth    +++++++...             w - amulet of reflection
HPRegen  0.34/turn              C - +6 ring of intelligence
MPRegen  0.25/turn              E - ring of Pianaud {rElec rC- Str+6 Dex+6 Slay+3}

@: death channeling, very slow
A: fangs 1, strong nose, distributed training
}: 2/15 runes: decaying, gossamer
a: Renounce Religion, Bend Time, Temporal Distortion, Slouch, Step From Time


You were on level 1 of the Vaults.
You worshipped Cheibriados.
Cheibriados was exalted by your worship.
You visited 6 branches of the dungeon, and saw 32 of its levels.
You visited the Abyss 1 time.
You also visited: Gauntlet.

You collected 2237 gold pieces.
You spent 1796 gold pieces at shops.


Innate Abilities, Weirdness & Mutations

You have very sharp teeth.
Your uncanny sense of smell can sniff out nearby items.
Your experience applies equally to all skills.


   Skills:
 + Level 12.8 Fighting
 + Level 12.8 Short Blades
 + Level 12.8 Long Blades
 + Level 12.8 Axes
 + Level 12.8 Maces & Flails
 + Level 12.8 Polearms
 + Level 12.8 Staves
 + Level 12.8 Slings
 + Level 12.8 Bows
 + Level 12.8 Crossbows
 + Level 12.8 Throwing
 + Level 12.8 Armour
 + Level 13.4 Dodging
 + Level 13.3 Stealth
 + Level 12.8 Shields
 + Level 12.8 Unarmed Combat
 + Level 13.6 Spellcasting
 + Level 11.0 Conjurations
 + Level 11.0 Hexes
 + Level 11.0 Summonings
 + Level 11.0 Necromancy
 + Level 11.0 Translocations
 + Level 11.0 Transmutations
 + Level 11.0 Fire Magic
 + Level 12.8 Ice Magic
 + Level 11.0 Air Magic
 + Level 11.0 Earth Magic
 + Level 11.0 Poison Magic
 + Level 13.8 Invocations
 + Level 12.8 Evocations


You had 22 spell levels left.
You knew the following spells:

 Your Spells              Type           Power      Damage    Failure   Level
a - Bolt of Magma         Conj/Fire/Erth 55%        4d22      1%          5
b - Frozen Ramparts       Ice            100%       1d12      1%          3
c - Ozocubu's Armour      Ice            100%       N/A       1%          3
d - Irradiate             Conj/Tmut      55%        3d32      1%          5
e - Apportation           Tloc           100%       N/A       1%          1
f - Death Channel         Necr           55%        N/A       8%          6

Your spell library contained the following spells:

 Spells                   Type           Power      Damage    Failure   Level
 Animate Skeleton         Necr           100%       N/A       1%          1
 Beastly Appendage        Tmut           100%       N/A       1%          1
 Freeze                   Ice            100%       1d11      1%          1
 Pain                     Necr           100%       1d9       1%          1
 Sandblast                Erth           100%       2d20      1%          1
 Corpse Rot               Necr/Air       N/A        N/A       1%          2
 Ensorcelled Hibernation  Hex/Ice        100%       N/A       1%          2
 Passwall                 Tmut/Erth      92%        N/A       1%          2
 Poisonous Vapours        Pois/Air       100%       N/A       1%          2
 Slow                     Hex            100%       N/A       1%          2
 Wereblood                Tmut           100%       N/A       1%          2
 Confusing Touch          Hex            100%       N/A       1%          3
 Dazzling Flash           Conj/Hex       100%       N/A       1%          3
 Inner Flame              Hex/Fire       100%       N/A       1%          3
 Spider Form              Tmut/Pois      55%        N/A       1%          3
 Stone Arrow              Conj/Erth      100%       3d13      1%          3
 Summon Guardian Golem    Hex/Summ       100%       N/A       1%          3
 Vampiric Draining        Necr           55%        2d13      1%          3
 Animate Armour           Summ/Erth      100%       N/A       1%          4
 Cause Fear               Hex            55%        N/A       1%          4
 Dispel Undead            Necr           100%       3d31      1%          4
 Hailstorm                Conj/Ice       100%       3d20      1%          4
 Agony                    Necr           100%       N/A       1%          5
 Alistair's Intoxication  Tmut/Pois      74%        N/A       1%          5
 Lee's Rapid Deconstruct  Erth           55%        3d27*     1%          5
 Metabolic Englaciation   Hex/Ice        57%        N/A       1%          5
 Silence                  Hex/Air        55%        N/A       1%          5
 Yara's Violent Unravell  Hex/Tmut       55%        3d21      1%          5
 Simulacrum               Ice/Necr       57%        N/A       5%          6
 Invisibility             Hex            55%        N/A       8%          6
 Shadow Creatures         Summ           N/A        N/A       8%          6
 Orb of Destruction       Conj           55%        9d16      41%         7
 Spellforged Servitor     Conj/Summ      55%        N/A       41%         7
 Discord                  Hex            55%        N/A       98%         8
 Lehudib's Crystal Spear  Conj/Erth      55%        10d13     98%         8
 Shatter                  Erth           55%        3d42*     100%        9

Inventory:

Hand Weapons
 a - a +8 broad axe of freezing (weapon) {axe}
   (You acquired it on level 6 of the Dungeon)
 T - a +2 double sword of protection {longrare=g}
   (You found it on level 4 of the Lair of Beasts)
 Y - the +10 dagger "Impbane" {freeze, MP+9, short}
   (You found it on level 13 of the Dungeon)

   It has been specially enchanted to freeze those struck by it, causing extra
   injury to most foes and up to half again as much damage against particularly
   susceptible opponents.
   It can also slow down cold-blooded creatures.
   MP:        It affects your magic capacity (+9).
Missiles
 m - 451 bolts
 o - 38 boomerangs (quivered) {throwing}
 r - 8 curare-tipped darts {=fthrowing}
 t - 160 poisoned darts {throwing}
 B - 2 throwing nets {=f!fthrowing}
 F - 7 javelins {throwing}
 V - 12 silver javelins {throwing}
Armour
 b - a +2 pair of gloves (worn)
   (You took it off Nikola on level 2 of the Swamp)
 g - a +3 tower shield (worn)
   (You took it off a vault guard on level 14 of the Dungeon)
 z - a +2 helmet (worn)
   (You found it on level 4 of the Dungeon)
 A - a +2 pair of boots (worn)
   (You bought it in a shop on level 9 of the Dungeon)
 N - a +2 robe of the Archmagi (worn)
   (You took it off Nergalle on level 11 of the Dungeon)
 U - a scarf of resistance (worn)
   (You found it on level 3 of the Swamp)
Jewellery
 f - a ring of flight
   (You found it on level 1 of the Dungeon)
 w - an amulet of reflection (around neck)
   (You bought it in a shop on level 8 of the Dungeon)
 C - a +6 ring of intelligence (left hand)
   (You bought it in a shop on level 8 of the Dungeon)
 D - the ring of Spontaneous Combustion {Ice Str+5}
   (You found it on level 15 of the Dungeon)

   [ring of ice]

   It enhances your ice magic.
   Str:       It affects your strength (+5).
   rF:        It makes you vulnerable to fire.
   rC:        It protects you from cold.
 E - the ring of Pianaud (right hand) {rElec rC- Str+6 Dex+6 Slay+3}
   (You found it on level 4 of the Spider Nest)

   [ring of dexterity]

   Str:       It affects your strength (+6).
   Dex:       It affects your dexterity (+6).
   Slay:      It affects your accuracy & damage with ranged weapons and melee
   (+3).
   rC:        It makes you vulnerable to cold.
   rElec:     It insulates you from electricity.
 I - a ring of protection from fire
   (You found it on level 12 of the Dungeon)
 J - a ring of fire
   (You found it on level 4 of the Swamp)
 M - a ring of resist corrosion
   (You found it on level 1 of the Spider Nest)
Wands
 k - a wand of iceblast (88)
   (You found it on level 4 of the Dungeon)
Scrolls
 c - 15 scrolls of teleportation {@r4}
 j - 8 scrolls of fog
 l - a scroll of silence {!r}
 u - 3 scrolls of fear
 v - 12 scrolls of identify {@r1}
 y - a scroll of summoning
 H - 5 scrolls of blinking {!r}
 K - 8 scrolls of magic mapping {!r}
 S - a scroll of vulnerability {!r!r}
 W - 3 scrolls of immolation {!r!r}
 Z - 2 scrolls of holy word
Potions
 d - 3 potions of brilliance
 e - 2 potions of resistance
 h - 4 potions of lignification {!q}
 i - a potion of heal wounds {@q2}
 p - 2 potions of attraction {!q}
 q - 2 potions of magic
 x - 2 potions of ambrosia
 G - a potion of cancellation
 L - 5 potions of might
 O - a potion of flight
 P - 4 potions of mutation {!q}
 Q - 5 potions of invisibility
 R - 7 potions of curing {@q1}

Dungeon Overview and Level Annotations

Branches:
Dungeon (15/15)            Temple (1/1) D:4            Lair (6/6) D:11
  Swamp (4/4) Lair:4       Spider (4/4) Lair:3        Slime (0/5) Lair:6
    Orc (0/2) D:9          Vaults (2/5) D:14         Depths (0/5) D:15
Gauntlet (visited)
  Crypt: Vaults:2-3

Altars:
Ashenzari
Cheibriados
Dithmenos
Fedhas
Hepliaklqana
Kikubaaqudgha
Nemelex Xobeh
Ru
Sif Muna
Trog
Uskayaw
Vehumet
Wu Jian
Xom
Yredelemnul
Zin
Jiyva

Shops:
D:8 =   D:9 [:   D:12 [

Annotations:
D:8 2 transporters, Phlounder's ghost, novice DjWz
Lair:2 3 runed translucent doors, Dejups's ghost, journeyman TrBe
Swamp:3 1 runed translucent door, Poplozom's ghost, adept FoAK
Spider:3 1 runed translucent door, Qyadack's ghost, adept HOFi

#########
#.......#
#.......#
#..Z....#
#ppT....#
#.@T....# #####
#)p.....# ....#
#.......# ....#
#######)......#
'#โ€ .#
.....โˆ†+c......#
.#..#
..c..รท#.......#
(#p.#
......#.......#
##..# .....
#.......# ....#
..... #.......#


You could see an ironbound preserver, a vault warden (sheltered), 2 deep trolls,
a yaktaur, a wizard (sheltered) and a friendly spectral deep troll.


Message History

Your spectral yaktaur hits the vault warden but does no damage. ๐Ÿ˜ฑ HP[-30] MP[+1]
You take 30 damage, and now have 37/148 hp.
MASSIVE DAMAGE!! (PAUSE)
You slash the deep troll! You freeze the deep troll.
You kill the deep troll!
Cheibriados appreciates the change of pace.
You hit the vault warden but do no damage.
You slash the deep troll! You freeze the deep troll. You slash the deep troll!
You freeze the deep troll.
A glowing mist starts to gather...
You block the deep troll's attack. x2; The deep troll closely misses you.
The vault warden completely misses you. The deep troll misses you.
The deep troll claws you but does no damage.
The deep troll misses you.
Your spectral yaktaur closely misses the vault warden.
You block the deep troll's attack. The deep troll claws you.
* * * LOW HITPOINT WARNING * * *
The deep troll claws you!
* * * LOW HITPOINT WARNING * * *
The vault warden misses you. ๐Ÿ˜ฑ HP[-14]
You take 14 damage, and now have 23/148 hp.
Unknown command.
Okay, then.
Really harm near your spectral yaktaur and spectral deep troll?
Okay, then.
Unknown command.
You step out of the flow of time.
Your icy armour cracks and falls away as you move.
You return to the normal time flow.
The vault warden activates a sealing rune.
A door slams shut!
The deep troll bites you!
* * * LOW HITPOINT WARNING * * *
You block the deep troll's attack. x2 ๐Ÿ˜ฑ HP[-7] MP[-10]
You take 7 damage, and now have 16/148 hp.
You lost 10 mp, and now have 16/36 mp.
You slice the deep troll!! You freeze the deep troll! You hit the deep troll.
You freeze the deep troll. You block the deep troll's attack. x2
The deep troll closely misses you. x2; The deep troll claws you!
* * * LOW HITPOINT WARNING * * *
The deep troll completely misses you. ๐Ÿ˜ฑ HP[-7]
You take 7 damage, and now have 9/148 hp.
Unknown command.
You slice the deep troll!! You freeze the deep troll.
You bite the deep troll, but do no damage.
You slash the deep troll! You freeze the deep troll.
The deep troll completely misses you.
You block the deep troll's attack. x2 ๐Ÿ˜ฑ MP[+1] Unknown command.
You hit the vault warden. You freeze the vault warden.
You closely miss the deep troll.
Something unseen opens the door. ๐Ÿ˜ฑ HP[+1] Unknown command.
You barely miss the vault warden. You slash the ironbound preserver!
You freeze the ironbound preserver. You barely miss the deep troll.
The yaktaur shoots a bolt.
You reflect the bolt off an invisible shield around you!
The bolt hits the yaktaur!
The vault warden activates a sealing rune.
A door slams shut!
You block the deep troll's attack. The deep troll completely misses you.
You block the deep troll's attack.
A yaktaur opens the door.
The ironbound preserver gestures wildly while chanting.
The ironbound preserver begins to accept its allies' injuries.
The vault warden closely misses you.
You slash the deep troll! You freeze the deep troll.
You kill the deep troll!
Cheibriados appreciates the change of pace.
You slash the vault warden! You freeze the vault warden.
You barely miss the ironbound preserver.
You closely miss the deep troll.
A glowing mist starts to gather...
The deep troll misses you. You block the deep troll's attack. x2
The vault warden misses you.
The ironbound preserver completely misses you. ๐Ÿ˜ฑ MP[+1] Unknown command.
You slice the deep troll!! You freeze the deep troll.
You hit the vault warden but do no damage.
You slice the ironbound preserver!! You freeze the ironbound preserver.
You hit the deep troll. You freeze the deep troll.
The sentinel's mark upon you fades away.
You block the deep troll's attack. x2; The deep troll misses you.
The deep troll barely misses you. You block the deep troll's attack.
The deep troll barely misses you.
You block the ironbound preserver's attack.
The vault warden activates a sealing rune.
A door slams shut! ๐Ÿ˜ฑ HP[+1]
You slash the deep troll! You freeze the deep troll. You slash the deep troll!
You freeze the deep troll.
You barely miss the ironbound preserver.
You slash the vault warden! You freeze the vault warden.
You block the deep troll's attack. x2; The deep troll claws you.
* * * LOW HITPOINT WARNING * * *
You block the deep troll's attack.
The deep troll completely misses you. x2
The vault warden hits you with a +3 vorpal great mace!
You die...

Skill      XL: |  1  2  3  4  5  6  7  8  9 10 11 12 13 14 15 16 17 18 19 |
---------------+----------------------------------------------------------+-----
Spellcasting   | 5 6 7 8 9 10 11 12 13 | 13.6
Invocations    | 1 2 3 4 5 6 7 8 9 10 11 12 13 | 13.8
Fighting       | 1 2 3 4 6 7 8 9 10 11 12 | 12.8
Short Blades   | 1 2 3 4 6 7 8 9 10 11 12 | 12.8
Long Blades    | 1 2 3 4 6 7 8 9 10 11 12 | 12.8
Axes           | 1 2 3 4 6 7 8 9 10 11 12 | 12.8
Maces & Flails | 1 2 3 4 6 7 8 9 10 11 12 | 12.8
Polearms       | 1 2 3 4 6 7 8 9 10 11 12 | 12.8
Staves         | 1 2 3 4 6 7 8 9 10 11 12 | 12.8
Slings         | 1 2 3 4 6 7 8 9 10 11 12 | 12.8
Bows           | 1 2 3 4 6 7 8 9 10 11 12 | 12.8
Crossbows      | 1 2 3 4 6 7 8 9 10 11 12 | 12.8
Throwing       | 1 2 3 4 6 7 8 9 10 11 12 | 12.8
Armour         | 1 2 3 4 6 7 8 9 10 11 12 | 12.8
Shields        | 1 2 3 4 6 7 8 9 10 11 12 | 12.8
Unarmed Combat | 1 2 3 4 6 7 8 9 10 11 12 | 12.8
Evocations     | 1 2 3 4 6 7 8 9 10 11 12 | 12.8
Conjurations   | 1 2 3 4 5 6 7 8 9 10 11 | 11.0
Hexes          | 1 2 3 4 5 6 7 8 9 10 11 | 11.0
Summonings     | 1 2 3 4 5 6 7 8 9 10 11 | 11.0
Necromancy     | 1 2 3 4 5 6 7 8 9 10 11 | 11.0
Translocations | 1 2 3 4 5 6 7 8 9 10 11 | 11.0
Transmutations | 1 2 3 4 5 6 7 8 9 10 11 | 11.0
Fire Magic     | 1 2 3 4 5 6 7 8 9 10 11 | 11.0
Air Magic      | 1 2 3 4 5 6 7 8 9 10 11 | 11.0
Earth Magic    | 1 2 3 4 5 6 7 8 9 10 11 | 11.0
Poison Magic   | 1 2 3 4 5 6 7 8 9 10 11 | 11.0
Dodging        | 5 6 7 8 9 10 11 12 13 | 13.4
Stealth        | 5 6 7 8 9 10 11 12 13 | 13.3
Ice Magic      | 8 9 10 11 12 | 12.8

Action                   |  1- 3 |  4- 6 |  7- 9 | 10-12 | 13-15 | 16-18 | 19-21 || total
-------------------------+-------+-------+-------+-------+-------+-------+-------++-------
Melee: Spear             |    21 |    30 |       |       |       |       |       ||    51
       Bite              |     1 |     7 |    15 |    24 |   131 |   174 |    25 ||   377
       Dagger            |       |    68 |   138 |       |     1 |     1 |       ||   208
       Punch             |       |     1 |     1 |       |       |       |       ||     2
       Broad axe         |       |       |    53 |   149 |   597 |   762 |   134 ||  1695
       Morningstar       |       |       |       |       |     2 |       |       ||     2
 Fire: Shortbow          |       |       |    91 |       |       |       |       ||    91
       Hunting sling     |       |       |    17 |       |       |       |       ||    17
       Hand crossbow     |       |       |     6 |   154 |   199 |       |       ||   359
Throw: Boomerang         |       |     3 |     3 |       |     1 |    30 |       ||    37
 Cast: Freeze            |    27 |     4 |       |       |       |       |       ||    31
       Frozen Ramparts   |     2 |     7 |    24 |    26 |    41 |    26 |     8 ||   134
       Ozocubu's Armour  |     2 |     7 |    21 |    25 |    37 |    43 |    10 ||   145
       Stone Arrow       |       |       |     9 |       |       |       |       ||     9
       Irradiate         |       |       |       |    10 |    32 |    37 |     1 ||    80
       Death Channel     |       |       |       |       |    13 |    67 |     7 ||    87
       Bolt of Magma     |       |       |       |       |    12 |    12 |       ||    24
Invok: Temporal Distorti |       |       |       |       |     1 |       |       ||     1
       Slouch            |       |       |       |       |       |     2 |       ||     2
       Step From Time    |       |       |       |       |       |     1 |     2 ||     3
  Use: Scroll            |       |       |    11 |    11 |    14 |     8 |     2 ||    46
       Potion            |       |       |     1 |     1 |       |     2 |     2 ||     6
 Stab: Sleeping          |     3 |    12 |       |     5 |     9 |    13 |     7 ||    49
       Distracted        |       |       |       |       |     2 |    24 |     2 ||    28
       Held in net/web   |       |       |       |       |       |     1 |       ||     1
       Confused          |       |       |       |       |       |     2 |       ||     2
Armor: Robe              |     6 |     6 |    87 |    20 |   181 |   202 |    30 ||   532
       Leather armour    |       |       |     2 |    60 |       |       |       ||    62
Dodge: Dodged            |    17 |    50 |   194 |   220 |   724 |   764 |   119 ||  2088
Block: Buckler           |       |       |     8 |   115 |   351 |    48 |       ||   522
       Tower shield      |       |       |       |       |       |  1115 |   228 ||  1343
       Reflection        |       |       |       |       |       |     7 |    16 ||    23

Levels and vault maps discovered:
D:1:      lightli_arrival_boilingwater, layout_loops_ring,
          basic_ecumenical_altar
D:2:      layout_basic, grunt_decor_fettered, uniq_terence
D:3:      layout_basic, zin_statuary, gup_sewer_entry_spiral,
          chequers_serial_rivers_small_3
D:4:      layout_loops_ring, minmay_temple_entry_glass, minmay_diced_spiral,
          uniq_edmund
D:5:      layout_basic, uniq_ijyb
D:6:      layout_rooms, general_overflow_altar, uniq_grinder, uniq_sigmund,
          uniq_menkaure
D:7:      layout_cave_pools, dk_xom_monty_hall, enter_bailey_5, minmay_circle_x
D:8:      layout_basic, nicolae_dithmenos_the_darkroom, serial_shops,
          nicolae_shop_behind_doors, gammafunk_ghost_arena
D:9:      layout_small_grid, nicolae_overflow_crystal_walls, old_standard_altar,
          chequers_temple_overflow_statue_of_worship, orc_david_3, serial_shops,
          shop
D:10:     layout_rooms
D:11:     layout_loops_ring, david_lair_shrubbed, uniq_snorg, uniq_nergalle
D:12:     layout_roguey, serial_shops, nicolae_shop_behind_doors
D:13:     doesnt_quadruple_sword, layout_basic, portal_ice_cave_entry_imps,
          uniq_maurice
D:14:     layout_gridville, grunt_vaults_entry_tiered, minivault_1,
          uniq_josephine, uniq_agnes
D:15:     grunt_enter_depths_magical_seal, layout_loops_ring,
          gammafunk_ghost_spectres, hangedman_decor_riveting
Temple:   cyrus_circular_temple
Lair:1:   layout_regular_city, basic_altar, gauntlet_entry_generic,
          lemuel_fruit_fields
Lair:2:   layout_regular_city, gammafunk_ghost_hydra_chop
Lair:3:   layout_cave_shapes, nicolae_spider_entry_non_spiders,
          grunt_megastairs_1
Lair:4:   nzn_winding_woodlands_huge [nzn_winding_woodlands_5x15_sidewinder,
          nzn_winding_woodlands_5x15_pool, nzn_winding_woodlands_5x15_parted,
          nzn_winding_woodlands_5x15_eye, nzn_winding_woodlands_5x15_sawtooth,
          nzn_winding_woodlands_5x15_longhouse,
          nzn_winding_woodlands_5x15_river_crossing,
          nzn_winding_woodlands_5x15_twine,
          nzn_winding_woodlands_5x15_split_checker,
          nzn_winding_woodlands_5x15_concentric,
          nzn_winding_woodlands_center_pierced_h,
          nzn_winding_woodlands_center_diamonds,
          nzn_winding_woodlands_15x15_eel_pit], layout_regular_city, swamp_mist
Lair:5:   layout_small_grid, grunt_megastairs_3
Lair:6:   evilmike_catoblepas_cave, layout_gridlike, slime_altar_1
Swamp:1:  layout_basic_swamp, evilmike_swamp_ruin_rubble_2,
          nicolae_swamp_no_escape, uniq_frances, uniq_kirke
Swamp:2:  layout_basic_swamp, nicolae_swamp_triple_paths, swamp_pool1,
          hangedman_swamp_ravenous, uniq_nikola
Swamp:3:  layout_basic_swamp, ebering_ghost_reflecting_pool,
          evilmike_swamp_ruin_house_1
Swamp:4:  swamp_fiery, layout_basic_swamp
Spider:1: layout_spider_delve
Spider:2: layout_chambers
Spider:3: layout_spider_delve, ebering_ghost_xom
Spider:4: spider_rune_water, nicolae_spider_orb_run
Vaults:1: grunt_vaults_hallway_short, vaults_mumra_hex, st_squares, v_pattern_4,
          vaults_room_door_hall, nicolae_vaults_hallways_thing,
          vaults_room_boxed, nicolae_vaults_shelves_hall, v_misc_33,
          nicolae_vaults_circle_grid_a, v_misc_29, v_misc_16,
          vaults_mumra_chevron, grunt_vaults_focal, layout_vaults_maze,
          serial_shops, shop
Vaults:2: st_spiral_rooms, blue_anna_dwarven_crypt, ontoclasm_vaults_fault,
          nicolae_vaults_little_ls, hangedman_vaults_nodes, v_misc_23,
          ontoclasm_vaults_gateway, nicolae_vaults_sealed_display,
          nicolae_vaults_border_crossing, grunt_vaults_trifunnel,
          layout_vaults_chaotic_city, serial_shops, shop

Notes
Turn   | Place    | Note
-------+----------+-------------------------------------------
     0 | D:1      | Sobieck the Gnoll Ice Elementalist began the quest for the
                  | Orb.
     0 | D:1      | Reached XP level 1. HP: 13/13 MP: 6/6
     0 | D:1      | magus.rc [v1.9.6]
   141 | D:1      | Found a faded altar of an unknown god.
   354 | D:1      | You pick up a book of Winter and begin reading...
   354 | D:1      | You add the spells Metabolic Englaciation and Simulacrum to
                  | your library.
   381 | D:1      | Reached XP level 2. HP: 19/19 MP: 7/7
  1203 | D:2      | Noticed Terence
  1227 | D:2      | Killed Terence
  1228 | D:2      | Reached skill level 5 in Spellcasting
  1228 | D:2      | Reached skill level 1 in Invocations
  1228 | D:2      | Reached XP level 3. HP: 19/25 MP: 1/9
  1299 | D:2      | Learned a level 3 spell: Frozen Ramparts
  1303 | D:2      | Learned a level 3 spell: Ozocubu's Armour
  1320 | D:2      | Reached skill level 1 in Fighting
  1320 | D:2      | Reached skill level 1 in Short Blades
  1320 | D:2      | Reached skill level 1 in Long Blades
  1320 | D:2      | Reached skill level 1 in Axes
  1320 | D:2      | Reached skill level 1 in Maces & Flails
  1320 | D:2      | Reached skill level 1 in Polearms
  1320 | D:2      | Reached skill level 1 in Staves
  1320 | D:2      | Reached skill level 1 in Slings
  1320 | D:2      | Reached skill level 1 in Bows
  1320 | D:2      | Reached skill level 1 in Crossbows
  1320 | D:2      | Reached skill level 1 in Throwing
  1320 | D:2      | Reached skill level 1 in Armour
  1320 | D:2      | Reached skill level 1 in Shields
  1320 | D:2      | Reached skill level 1 in Unarmed Combat
  1320 | D:2      | Reached skill level 1 in Evocations
  1483 | D:2      | You pick up a book of the Senses and begin reading...
  1483 | D:2      | You add the spells Dazzling Flash, Agony and Silence to
                  | your library.
  1524 | D:3      | Reached XP level 4. HP: 28/32 MP: 3/11
  2704 | D:3      | Found a glowing silver altar of Zin.
  2720 | D:3      | Reached skill level 1 in Conjurations
  2720 | D:3      | Reached skill level 1 in Hexes
  2720 | D:3      | Reached skill level 1 in Summonings
  2720 | D:3      | Reached skill level 1 in Necromancy
  2720 | D:3      | Reached skill level 1 in Translocations
  2720 | D:3      | Reached skill level 1 in Transmutations
  2720 | D:3      | Reached skill level 1 in Fire Magic
  2720 | D:3      | Reached skill level 1 in Air Magic
  2720 | D:3      | Reached skill level 1 in Earth Magic
  2720 | D:3      | Reached skill level 1 in Poison Magic
  2789 | D:3      | Reached XP level 5. HP: 18/37 MP: 5/12
  3441 | D:3      | Reached skill level 2 in Invocations
  3441 | D:3      | Reached XP level 6. HP: 34/44 MP: 13/13
  3678 | D:3      | Reached skill level 2 in Fighting
  3678 | D:3      | Reached skill level 2 in Short Blades
  3678 | D:3      | Reached skill level 2 in Long Blades
  3678 | D:3      | Reached skill level 2 in Axes
  3678 | D:3      | Reached skill level 2 in Maces & Flails
  3678 | D:3      | Reached skill level 2 in Polearms
  3678 | D:3      | Reached skill level 2 in Staves
  3678 | D:3      | Reached skill level 2 in Slings
  3678 | D:3      | Reached skill level 2 in Bows
  3678 | D:3      | Reached skill level 2 in Crossbows
  3678 | D:3      | Reached skill level 2 in Throwing
  3678 | D:3      | Reached skill level 2 in Armour
  3678 | D:3      | Reached skill level 5 in Dodging
  3678 | D:3      | Reached skill level 2 in Shields
  3678 | D:3      | Reached skill level 2 in Unarmed Combat
  3678 | D:3      | Reached skill level 2 in Evocations
  4186 | D:4      | Noticed Edmund
  4195 | D:4      | Killed Edmund
  4196 | D:4      | Reached XP level 7. HP: 26/50 MP: 9/15
  4200 | D:4      | Reached skill level 2 in Conjurations
  4200 | D:4      | Reached skill level 2 in Hexes
  4200 | D:4      | Reached skill level 2 in Summonings
  4200 | D:4      | Reached skill level 2 in Necromancy
  4200 | D:4      | Reached skill level 2 in Translocations
  4200 | D:4      | Reached skill level 2 in Transmutations
  4200 | D:4      | Reached skill level 2 in Fire Magic
  4200 | D:4      | Reached skill level 2 in Air Magic
  4200 | D:4      | Reached skill level 2 in Earth Magic
  4200 | D:4      | Reached skill level 2 in Poison Magic
  4512 | D:4      | Reached skill level 5 in Stealth
  4605 | D:5      | Entered Level 5 of the Dungeon
  4897 | D:4      | You pick up a book of the Earth and begin reading...
  4897 | D:4      | You add the spells Stone Arrow, Bolt of Magma and Shatter
                  | to your library.
  4920 | D:4      | Learned a level 3 spell: Stone Arrow
  4942 | D:4      | Found a staircase to the Ecumenical Temple.
  4959 | D:4      | Reached skill level 3 in Invocations
  4967 | Temple   | Entered the Ecumenical Temple
  4974 | Temple   | Became a worshipper of Cheibriados the Contemplative
  5201 | D:4      | Reached XP level 8. HP: 38/57 MP: 10/16
  5582 | D:4      | Reached skill level 3 in Fighting
  5582 | D:4      | Reached skill level 3 in Short Blades
  5582 | D:4      | Reached skill level 3 in Long Blades
  5582 | D:4      | Reached skill level 3 in Axes
  5582 | D:4      | Reached skill level 3 in Maces & Flails
  5582 | D:4      | Reached skill level 3 in Polearms
  5582 | D:4      | Reached skill level 3 in Staves
  5582 | D:4      | Reached skill level 3 in Slings
  5582 | D:4      | Reached skill level 3 in Bows
  5582 | D:4      | Reached skill level 3 in Crossbows
  5582 | D:4      | Reached skill level 3 in Throwing
  5582 | D:4      | Reached skill level 3 in Armour
  5582 | D:4      | Reached skill level 3 in Shields
  5582 | D:4      | Reached skill level 3 in Unarmed Combat
  5582 | D:4      | Reached skill level 3 in Evocations
  6001 | D:5      | You pick up a book of Geomancy and begin reading...
  6001 | D:5      | You add the spells Sandblast, Passwall and Lee's Rapid
                  | Deconstruction to your library.
  6167 | D:5      | Reached skill level 6 in Spellcasting
  6420 | D:5      | Noticed Ijyb
  6501 | D:5      | Killed Ijyb
  7114 | D:6      | Noticed Grinder
  7130 | D:6      | Killed Grinder
  7440 | D:6      | Reached skill level 3 in Conjurations
  7440 | D:6      | Reached skill level 3 in Hexes
  7440 | D:6      | Reached skill level 3 in Summonings
  7440 | D:6      | Reached skill level 3 in Necromancy
  7440 | D:6      | Reached skill level 3 in Translocations
  7440 | D:6      | Reached skill level 3 in Transmutations
  7440 | D:6      | Reached skill level 3 in Fire Magic
  7440 | D:6      | Reached skill level 3 in Air Magic
  7440 | D:6      | Reached skill level 3 in Earth Magic
  7440 | D:6      | Reached skill level 3 in Poison Magic
  7440 | D:6      | Reached skill level 4 in Invocations
  7446 | D:6      | Reached * piety under Cheibriados
  7525 | D:6      | Reached skill level 6 in Dodging
  7525 | D:6      | Reached XP level 9. HP: 25/65 MP: 12/18
  7998 | D:6      | Noticed Menkaure
  8009 | D:6      | Killed Menkaure
  8010 | D:6      | Reached skill level 4 in Fighting
  8010 | D:6      | Reached skill level 4 in Short Blades
  8010 | D:6      | Reached skill level 4 in Long Blades
  8010 | D:6      | Reached skill level 4 in Axes
  8010 | D:6      | Reached skill level 4 in Maces & Flails
  8010 | D:6      | Reached skill level 4 in Polearms
  8010 | D:6      | Reached skill level 4 in Staves
  8010 | D:6      | Reached skill level 4 in Slings
  8010 | D:6      | Reached skill level 4 in Bows
  8010 | D:6      | Reached skill level 4 in Crossbows
  8010 | D:6      | Reached skill level 4 in Throwing
  8010 | D:6      | Reached skill level 4 in Armour
  8010 | D:6      | Reached skill level 4 in Shields
  8010 | D:6      | Reached skill level 4 in Unarmed Combat
  8010 | D:6      | Reached skill level 4 in Evocations
  8067 | D:6      | Found a sparkling altar of Nemelex Xobeh.
  8281 | D:6      | Noticed Sigmund
  8289 | D:6      | Killed Sigmund
  8290 | D:6      | Reached skill level 6 in Stealth
  8290 | D:6      | Reached skill level 8 in Ice Magic
  8714 | D:6      | Identified a scroll of acquirement
  8714 | D:6      | Acquired a +5 broad axe of electrocution
  8994 | D:7      | Identified the +5 war axe "Ifupt" {freeze, rF- Int+3}
  9075 | D:7      | Reached skill level 5 in Invocations
  9195 | D:7      | You pick up a book of Dreams and begin reading...
  9195 | D:7      | You add the spells Ensorcelled Hibernation, Spider Form and
                  | Shadow Creatures to your library.
  9291 | D:7      | Reached ** piety under Cheibriados
  9434 | D:7      | Identified the +1 buckler of Onlotyegys {rC+ Dex+3 Stlth+}
  9693 | D:7      | Reached skill level 7 in Spellcasting
  9838 | D:7      | Found a shimmering altar of Xom.
  9905 | D:8      | Reached skill level 4 in Conjurations
  9905 | D:8      | Reached skill level 4 in Hexes
  9905 | D:8      | Reached skill level 4 in Summonings
  9905 | D:8      | Reached skill level 4 in Necromancy
  9905 | D:8      | Reached skill level 4 in Translocations
  9905 | D:8      | Reached skill level 4 in Transmutations
  9905 | D:8      | Reached skill level 4 in Fire Magic
  9905 | D:8      | Reached skill level 4 in Air Magic
  9905 | D:8      | Reached skill level 4 in Earth Magic
  9905 | D:8      | Reached skill level 4 in Poison Magic
  9905 | D:8      | Reached XP level 10. HP: 48/73 MP: 20/20
 10324 | D:8      | Found a transporter.
 10354 | D:8      | Found Roebel Ytho's Jewellery Emporium.
 10367 | D:9      | Found an ornate altar of the Wu Jian Council.
 10367 | D:9      | Found a radiant altar of Vehumet.
 10367 | D:9      | Found a hide-covered altar of Uskayaw.
 10544 | D:8      | Found a transporter.
 10544 | D:8      | Noticed Phlounder's ghost (novice DjWz)
 10631 | D:8      | Identified a potion of experience
 10635 | D:8      | Reached skill level 6 in Fighting
 10635 | D:8      | Reached skill level 6 in Short Blades
 10635 | D:8      | Reached skill level 6 in Long Blades
 10635 | D:8      | Reached skill level 6 in Axes
 10635 | D:8      | Reached skill level 6 in Maces & Flails
 10635 | D:8      | Reached skill level 6 in Polearms
 10635 | D:8      | Reached skill level 6 in Staves
 10635 | D:8      | Reached skill level 6 in Slings
 10635 | D:8      | Reached skill level 6 in Bows
 10635 | D:8      | Reached skill level 6 in Crossbows
 10635 | D:8      | Reached skill level 6 in Throwing
 10635 | D:8      | Reached skill level 6 in Armour
 10635 | D:8      | Reached skill level 7 in Dodging
 10635 | D:8      | Reached skill level 7 in Stealth
 10635 | D:8      | Reached skill level 6 in Shields
 10635 | D:8      | Reached skill level 6 in Unarmed Combat
 10635 | D:8      | Reached skill level 8 in Spellcasting
 10635 | D:8      | Reached skill level 5 in Conjurations
 10635 | D:8      | Reached skill level 5 in Hexes
 10635 | D:8      | Reached skill level 5 in Summonings
 10635 | D:8      | Reached skill level 5 in Necromancy
 10635 | D:8      | Reached skill level 5 in Translocations
 10635 | D:8      | Reached skill level 5 in Transmutations
 10635 | D:8      | Reached skill level 5 in Fire Magic
 10635 | D:8      | Reached skill level 5 in Air Magic
 10635 | D:8      | Reached skill level 5 in Earth Magic
 10635 | D:8      | Reached skill level 5 in Poison Magic
 10635 | D:8      | Reached skill level 6 in Invocations
 10635 | D:8      | Reached skill level 6 in Evocations
 10635 | D:8      | Reached XP level 11. HP: 80/81 MP: 20/23
 10885 | D:8      | Found a shadowy altar of Dithmenos.
 11080 | D:9      | Found a blossoming altar of Fedhas.
 11134 | D:9      | Found a shimmering blue altar of Sif Muna.
 11237 | D:10     | Entered Level 10 of the Dungeon
 11316 | D:9      | Found Vedea's Book Emporium.
 11343 | D:9      | Reached *** piety under Cheibriados
 11344 | D:9      | Reached skill level 9 in Ice Magic
 11344 | D:9      | Reached skill level 7 in Invocations
 11377 | D:9      | Bought the Compendium of Vitriolic Moulding for 308 gold
                  | pieces
 11377 | D:9      | You add the spells Beastly Appendage, Poisonous Vapours and
                  | Irradiate to your library.
 11383 | D:9      | Learned a level 5 spell: Irradiate
 11431 | D:9      | Found a staircase to the Orcish Mines.
 11433 | D:9      | Found Rutuudd's Armour Shoppe.
 11442 | D:9      | Reached skill level 8 in Dodging
 11549 | D:9      | Bought a +0 pair of boots for 72 gold pieces
 12047 | D:11     | Noticed a boulder beetle
 12070 | D:11     | Killed a boulder beetle
 12397 | D:11     | Noticed Snorg
 12413 | D:11     | Killed Snorg
 12414 | D:11     | Reached skill level 8 in Stealth
 12530 | D:11     | Noticed a cyclops
 12545 | D:11     | Killed a cyclops
 12616 | D:11     | Noticed a cyclops
 12630 | D:11     | Killed a cyclops
 12779 | D:11     | Identified a +2 robe of the Archmagi
 12779 | D:11     | Noticed Nergalle
 12792 | D:11     | Killed Nergalle
 12866 | D:11     | Reached skill level 7 in Fighting
 12866 | D:11     | Reached skill level 7 in Short Blades
 12866 | D:11     | Reached skill level 7 in Long Blades
 12866 | D:11     | Reached skill level 7 in Axes
 12866 | D:11     | Reached skill level 7 in Maces & Flails
 12866 | D:11     | Reached skill level 7 in Polearms
 12866 | D:11     | Reached skill level 7 in Staves
 12866 | D:11     | Reached skill level 7 in Slings
 12866 | D:11     | Reached skill level 7 in Bows
 12866 | D:11     | Reached skill level 7 in Crossbows
 12866 | D:11     | Reached skill level 7 in Throwing
 12866 | D:11     | Reached skill level 7 in Armour
 12866 | D:11     | Reached skill level 7 in Shields
 12866 | D:11     | Reached skill level 7 in Unarmed Combat
 12866 | D:11     | Reached skill level 7 in Evocations
 13161 | D:11     | Reached XP level 12. HP: 88/91 MP: 17/24
 13289 | D:10     | You pick up a book of Armaments and begin reading...
 13289 | D:10     | You add the spells Animate Armour and Lehudib's Crystal
                  | Spear to your library.
 13298 | D:10     | Reached **** piety under Cheibriados
 13608 | D:10     | Noticed a two-headed ogre
 13624 | D:10     | Killed a two-headed ogre
 13625 | D:10     | Reached skill level 6 in Conjurations
 13625 | D:10     | Reached skill level 6 in Hexes
 13625 | D:10     | Reached skill level 6 in Summonings
 13625 | D:10     | Reached skill level 6 in Necromancy
 13625 | D:10     | Reached skill level 6 in Translocations
 13625 | D:10     | Reached skill level 6 in Transmutations
 13625 | D:10     | Reached skill level 6 in Fire Magic
 13625 | D:10     | Reached skill level 6 in Air Magic
 13625 | D:10     | Reached skill level 6 in Earth Magic
 13625 | D:10     | Reached skill level 6 in Poison Magic
 13732 | D:10     | Reached skill level 8 in Invocations
 14103 | D:13     | Noticed a centaur warrior
 14252 | D:11     | Found a staircase to the Lair.
 14276 | D:11     | Reached skill level 9 in Spellcasting
 14685 | D:12     | Noticed a boulder beetle
 14698 | D:12     | Killed a boulder beetle
 14776 | D:12     | Noticed a boulder beetle
 14785 | D:12     | Killed a boulder beetle
 15188 | D:12     | Found Beatir's Armour Boutique.
 15534 | D:13     | You pick up a book of Debilitation and begin reading...
 15534 | D:13     | You add the spells Slow, Vampiric Draining and Confusing
                  | Touch to your library.
 15537 | D:13     | Noticed a seven-headed hydra
 15547 | D:13     | Killed an 11-headed hydra
 15548 | D:13     | Reached skill level 9 in Dodging
 15558 | D:13     | Reached ***** piety under Cheibriados
 15835 | Lair:1   | Entered Level 1 of the Lair of Beasts
 16073 | Lair:1   | Reached skill level 9 in Stealth
 16176 | Lair:1   | Found a gate leading to a gauntlet.
 16185 | Gauntlet | Entered a Gauntlet
 16185 | Gauntlet | Found a transporter.
 16185 | Gauntlet | Found a transporter.
 16199 | Gauntlet | Found a transporter.
 16212 | Gauntlet | Found a large runed translucent door.
 16213 | Gauntlet | Found a large runed translucent door.
 16213 | Gauntlet | Found a large runed translucent door.
 16213 | Gauntlet | Found a large runed translucent door.
 16214 | Gauntlet | Found a large runed translucent door.
 16214 | Gauntlet | Found a large runed translucent door.
 16214 | Gauntlet | Found a large runed translucent door.
 16214 | Gauntlet | Found a large runed translucent door.
 16215 | Gauntlet | Found a runed translucent door.
 16215 | Gauntlet | Found a runed translucent gate.
 16216 | Gauntlet | Found a transporter.
 16216 | Gauntlet | Found a transporter.
 16216 | Gauntlet | Found a runed translucent gate.
 16217 | Gauntlet | Found a transporter.
 16218 | Gauntlet | Found a runed translucent door.
 16218 | Gauntlet | Found a runed translucent gate.
 16220 | Gauntlet | Found a transporter.
 16220 | Gauntlet | Found a transporter.
 16233 | Gauntlet | Noticed a death scarab
 16247 | Gauntlet | Found a transporter.
 16260 | Gauntlet | Found a transporter.
 16263 | Gauntlet | Noticed a death scarab
 16271 | Gauntlet | Noticed a great orb of eyes
 16273 | Gauntlet | Found a transporter.
 16289 | Gauntlet | Found a transporter.
 16300 | Gauntlet | Found a large runed translucent door.
 16301 | Gauntlet | Found a large runed translucent door.
 16301 | Gauntlet | Found a large runed translucent door.
 16302 | Gauntlet | Found a large runed translucent door.
 16302 | Gauntlet | Found a large runed translucent door.
 16302 | Gauntlet | Found a large runed translucent door.
 16302 | Gauntlet | Found a large runed translucent door.
 16306 | Gauntlet | Found a large runed translucent door.
 16311 | Gauntlet | Found a transporter.
 16326 | Gauntlet | Found a transporter.
 16436 | Gauntlet | Killed a death scarab
 16437 | Gauntlet | Reached skill level 8 in Fighting
 16437 | Gauntlet | Reached skill level 8 in Short Blades
 16437 | Gauntlet | Reached skill level 8 in Long Blades
 16437 | Gauntlet | Reached skill level 8 in Axes
 16437 | Gauntlet | Reached skill level 8 in Maces & Flails
 16437 | Gauntlet | Reached skill level 8 in Polearms
 16437 | Gauntlet | Reached skill level 8 in Staves
 16437 | Gauntlet | Reached skill level 8 in Slings
 16437 | Gauntlet | Reached skill level 8 in Bows
 16437 | Gauntlet | Reached skill level 8 in Crossbows
 16437 | Gauntlet | Reached skill level 8 in Throwing
 16437 | Gauntlet | Reached skill level 8 in Armour
 16437 | Gauntlet | Reached skill level 8 in Shields
 16437 | Gauntlet | Reached skill level 8 in Unarmed Combat
 16437 | Gauntlet | Reached skill level 8 in Evocations
 16440 | Gauntlet | Reached XP level 13. HP: 64/98 MP: 15/26
 16442 | Gauntlet | Identified the amulet of Miracles {Acrobat Dex+2}
 16569 | Gauntlet | Noticed a minotaur
 16585 | Gauntlet | Killed a minotaur
 16593 | Gauntlet | Identified the +3 dagger "Arbiter" {vamp, rPois rF+ rN+}
 16594 | Gauntlet | You add the spells Summon Guardian Golem and Invisibility
                  | to your library.
 16594 | Gauntlet | Got the Compendium of the Kangaroo
 16836 | Lair:1   | Found a shimmering blue altar of Sif Muna.
 17028 | Lair:1   | Reached skill level 9 in Invocations
 17399 | Lair:2   | Found a runed translucent gate.
 17401 | Lair:2   | Found a runed translucent gate.
 17402 | Lair:2   | Found a runed translucent gate.
 17403 | Lair:2   | Noticed Dejups's ghost (journeyman TrBe)
 18046 | Lair:2   | Reached skill level 10 in Ice Magic
 18349 | Lair:3   | Reached skill level 7 in Conjurations
 18349 | Lair:3   | Reached skill level 7 in Hexes
 18349 | Lair:3   | Reached skill level 7 in Summonings
 18349 | Lair:3   | Reached skill level 7 in Necromancy
 18349 | Lair:3   | Reached skill level 7 in Translocations
 18349 | Lair:3   | Reached skill level 7 in Transmutations
 18349 | Lair:3   | Reached skill level 7 in Fire Magic
 18349 | Lair:3   | Reached skill level 7 in Air Magic
 18349 | Lair:3   | Reached skill level 7 in Earth Magic
 18349 | Lair:3   | Reached skill level 7 in Poison Magic
 18358 | Lair:3   | Reached ****** piety under Cheibriados
 18477 | D:11     | Learned a level 5 spell: Bolt of Magma
 18676 | Lair:2   | HP: 22/99 [catoblepas/blast of calcifying dust (6)]
 19101 | Lair:2   | Reached skill level 10 in Spellcasting
 19626 | Lair:3   | You pick up a book of Necromancy and begin reading...
 19626 | Lair:3   | You add the spells Pain and Animate Skeleton to your
                  | library.
 20070 | Lair:3   | You pick up a book of Necromancy and begin reading...
 20174 | Lair:3   | Reached skill level 10 in Dodging
 20364 | Lair:3   | Reached XP level 14. HP: 96/106 MP: 28/28
 20499 | Lair:3   | Reached skill level 9 in Fighting
 20499 | Lair:3   | Reached skill level 9 in Short Blades
 20499 | Lair:3   | Reached skill level 9 in Long Blades
 20499 | Lair:3   | Reached skill level 9 in Axes
 20499 | Lair:3   | Reached skill level 9 in Maces & Flails
 20499 | Lair:3   | Reached skill level 9 in Polearms
 20499 | Lair:3   | Reached skill level 9 in Staves
 20499 | Lair:3   | Reached skill level 9 in Slings
 20499 | Lair:3   | Reached skill level 9 in Bows
 20499 | Lair:3   | Reached skill level 9 in Crossbows
 20499 | Lair:3   | Reached skill level 9 in Throwing
 20499 | Lair:3   | Reached skill level 9 in Armour
 20499 | Lair:3   | Reached skill level 9 in Shields
 20499 | Lair:3   | Reached skill level 9 in Unarmed Combat
 20499 | Lair:3   | Reached skill level 9 in Evocations
 20623 | Lair:3   | You fall into a shaft and drop 1 floor!
 20623 | Lair:4   | Found a staircase to the Swamp.
 20648 | Lair:3   | You pick up a book of Party Tricks and begin reading...
 20648 | Lair:3   | You add the spells Apportation and Alistair's Intoxication
                  | to your library.
 20651 | Lair:3   | Learned a level 1 spell: Apportation
 20722 | Lair:3   | Found a hole to the Spider Nest.
 21067 | Lair:4   | Reached skill level 10 in Stealth
 21373 | Lair:6   | Entered Level 6 of the Lair of Beasts
 21883 | Lair:5   | Reached skill level 10 in Invocations
 22292 | Lair:5   | You pick up a book of Dangerous Friends and begin
                  | reading...
 22292 | Lair:5   | You add the spells Orb of Destruction and Spellforged
                  | Servitor to your library.
 22996 | Lair:4   | Reached skill level 8 in Conjurations
 22996 | Lair:4   | Reached skill level 8 in Hexes
 22996 | Lair:4   | Reached skill level 8 in Summonings
 22996 | Lair:4   | Reached skill level 8 in Necromancy
 22996 | Lair:4   | Reached skill level 8 in Translocations
 22996 | Lair:4   | Reached skill level 8 in Transmutations
 22996 | Lair:4   | Reached skill level 8 in Fire Magic
 22996 | Lair:4   | Reached skill level 8 in Air Magic
 22996 | Lair:4   | Reached skill level 8 in Earth Magic
 22996 | Lair:4   | Reached skill level 8 in Poison Magic
 24020 | Lair:4   | Reached XP level 15. HP: 109/115 MP: 23/29
 24142 | Lair:4   | Reached skill level 11 in Spellcasting
 24293 | Lair:4   | You pick up a book of Changes and begin reading...
 24387 | Lair:4   | T - a +2 double sword of protection {longrare=g}
 24615 | Lair:4   | magus.rc [v1.9.6]
 25101 | Lair:5   | Identified +0 gold dragon scales
 25102 | Lair:5   | Z - +0 gold dragon scales {rare}
 25147 | Lair:4   | You finish putting on your +0 gold dragon scales {rare}.
 25152 | Lair:4   | You finish taking off your +0 gold dragon scales {rare}.
 25343 | Lair:6   | You pick up a book of Decay and begin reading...
 25343 | Lair:6   | You add the spells Corpse Rot, Dispel Undead and Death
                  | Channel to your library.
 25364 | Lair:5   | Learned a level 6 spell: Death Channel
 25399 | Lair:6   | Reached skill level 10 in Fighting
 25399 | Lair:6   | Reached skill level 10 in Short Blades
 25399 | Lair:6   | Reached skill level 10 in Long Blades
 25399 | Lair:6   | Reached skill level 10 in Axes
 25399 | Lair:6   | Reached skill level 10 in Maces & Flails
 25399 | Lair:6   | Reached skill level 10 in Polearms
 25399 | Lair:6   | Reached skill level 10 in Staves
 25399 | Lair:6   | Reached skill level 10 in Slings
 25399 | Lair:6   | Reached skill level 10 in Bows
 25399 | Lair:6   | Reached skill level 10 in Crossbows
 25399 | Lair:6   | Reached skill level 10 in Throwing
 25399 | Lair:6   | Reached skill level 10 in Armour
 25399 | Lair:6   | Reached skill level 10 in Shields
 25399 | Lair:6   | Reached skill level 10 in Unarmed Combat
 25399 | Lair:6   | Reached skill level 10 in Evocations
 25753 | Lair:6   | magus.rc [v1.9.6]
 25804 | Lair:6   | You pick up a book of Misfortune and begin reading...
 25854 | Lair:6   | Found a viscous altar of Jiyva.
 25854 | Lair:6   | Found a staircase to the Slime Pits.
 25973 | Lair:6   | Upgraded the game from 0.27-a0-1434-g6f15984924 to
                  | 0.27-a0-1442-g87b6fcb595
 25973 | Lair:6   | magus.rc [v1.9.6]
 25982 | Lair:6   | Reached skill level 11 in Dodging
 25991 | Lair:6   | Reached skill level 11 in Ice Magic
 26312 | Lair:6   | Reached skill level 11 in Invocations
 26401 | Lair:6   | Reached skill level 11 in Stealth
 27388 | D:13     | Noticed Maurice
 27420 | D:13     | Killed Maurice
 27439 | D:13     | Identified the +7 hand axe "Pehin" {vorpal, rC+ Int+4}
 27906 | D:13     | Found a large runed translucent door.
 27910 | D:13     | Found a large runed translucent door.
 28271 | D:13     | Identified the +10 dagger "Impbane" {freeze, MP+9}
 28274 | D:13     | You drop +0 gold dragon scales {rare}.
 28278 | D:13     | +0 gold dragon scales {rare}; the +3 dagger "Arbiter"
                  | {vamp, rPois rF+ rN+, short}
 28541 | D:13     | Z - a +0 double sword {longrare=g}
 28554 | D:13     | You drop a +0 double sword {longrare=g}.
 28560 | D:13     | Z - a +2 triple sword of venom {longrare=g}
 28561 | D:13     | You drop a +2 triple sword of venom {longrare=g}.
 28609 | D:14     | You pick up a book of the Senses and begin reading...
 28682 | D:14     | Noticed Agnes
 28703 | D:14     | Killed Agnes
 28704 | D:14     | Reached XP level 16. HP: 110/123 MP: 24/31
 29099 | D:14     | Noticed Josephine
 29105 | D:14     | Killed Josephine
 29106 | D:14     | Reached skill level 9 in Conjurations
 29106 | D:14     | Reached skill level 9 in Hexes
 29106 | D:14     | Reached skill level 9 in Summonings
 29106 | D:14     | Reached skill level 9 in Necromancy
 29106 | D:14     | Reached skill level 9 in Translocations
 29106 | D:14     | Reached skill level 9 in Transmutations
 29106 | D:14     | Reached skill level 9 in Fire Magic
 29106 | D:14     | Reached skill level 9 in Air Magic
 29106 | D:14     | Reached skill level 9 in Earth Magic
 29106 | D:14     | Reached skill level 9 in Poison Magic
 29435 | D:15     | Entered Level 15 of the Dungeon
 29651 | D:14     | Found a gate to the Vaults.
 30624 | D:15     | Paralysed by an orc sorcerer for 7 turns
 30898 | D:15     | Found a staircase to the Depths.
 31342 | D:15     | Reached skill level 11 in Fighting
 31342 | D:15     | Reached skill level 11 in Short Blades
 31342 | D:15     | Reached skill level 11 in Long Blades
 31342 | D:15     | Reached skill level 11 in Axes
 31342 | D:15     | Reached skill level 11 in Maces & Flails
 31342 | D:15     | Reached skill level 11 in Polearms
 31342 | D:15     | Reached skill level 11 in Staves
 31342 | D:15     | Reached skill level 11 in Slings
 31342 | D:15     | Reached skill level 11 in Bows
 31342 | D:15     | Reached skill level 11 in Crossbows
 31342 | D:15     | Reached skill level 11 in Throwing
 31342 | D:15     | Reached skill level 11 in Armour
 31342 | D:15     | Reached skill level 11 in Shields
 31342 | D:15     | Reached skill level 11 in Unarmed Combat
 31342 | D:15     | Reached skill level 11 in Evocations
 31663 | D:15     | Found a runed translucent gate.
 31665 | D:15     | Found a runed translucent gate.
 31666 | D:15     | Found a runed translucent gate.
 31668 | D:15     | Noticed mandarbmax's ghost (adept MfBe)
 32035 | D:15     | Killed mandarbmax's ghost
 32036 | D:15     | Reached skill level 12 in Spellcasting
 32040 | D:15     | Identified the ring of Spontaneous Combustion {Ice Str+5}
 32495 | Spider:1 | Entered Level 1 of the Spider Nest
 32755 | Spider:1 | magus.rc [v1.9.6]
 32786 | Spider:1 | Reached skill level 12 in Invocations
 32993 | Spider:1 | magus.rc [v1.9.6]
 33152 | Spider:1 | Reached skill level 12 in Dodging
 33475 | Spider:1 | magus.rc [v1.9.6]
 33506 | Spider:1 | Reached XP level 17. HP: 119/131 MP: 22/33
 33512 | Spider:1 | You pick up a book of Decay and begin reading...
 33699 | Spider:2 | Upgraded the game from 0.27-a0-1442-g87b6fcb595 to
                  | 0.27-a0-1456-gf5a116941d
 33699 | Spider:2 | magus.rc [v1.9.6]
 33752 | Spider:3 | Found a runed translucent door.
 33753 | Spider:3 | Found a shimmering altar of Xom.
 33753 | Spider:3 | Noticed Qyadack's ghost (adept HOFi)
 33757 | Spider:4 | Entered Level 4 of the Spider Nest
 33790 | Spider:2 | Reached skill level 12 in Stealth
 34205 | Spider:2 | Identified the +0 ring mail "Runyluazoe" {rF+ rCorr Stlth+}
 36359 | Spider:4 | Identified the ring of Pianaud {rElec rC- Str+6 Dex+6
                  | Slay+3}
 36962 | Spider:4 | Reached skill level 12 in Ice Magic
 37070 | Spider:4 | Reached skill level 10 in Conjurations
 37070 | Spider:4 | Reached skill level 10 in Hexes
 37070 | Spider:4 | Reached skill level 10 in Summonings
 37070 | Spider:4 | Reached skill level 10 in Necromancy
 37070 | Spider:4 | Reached skill level 10 in Translocations
 37070 | Spider:4 | Reached skill level 10 in Transmutations
 37070 | Spider:4 | Reached skill level 10 in Fire Magic
 37070 | Spider:4 | Reached skill level 10 in Air Magic
 37070 | Spider:4 | Reached skill level 10 in Earth Magic
 37070 | Spider:4 | Reached skill level 10 in Poison Magic
 37458 | Spider:4 | HP: 33/133 [poisoned by an emperor scorpion]
 37535 | Spider:4 | HP: 30/133 [emperor scorpion (5)]
 37540 | Spider:4 | HP: 28/133 [emperor scorpion (1)]
 37577 | Spider:4 | HP: 30/133 [poisoned by an emperor scorpion]
 37582 | Spider:4 | HP: 24/133 [poisoned by an emperor scorpion]
 38055 | Spider:4 | Got a gossamer rune of Zot
 38196 | Lair:3   | magus.rc [v1.9.6]
 38252 | Swamp:1  | Entered Level 1 of the Swamp
 38574 | Swamp:1  | Noticed Frances
 38583 | Swamp:1  | Killed Frances
 38584 | Swamp:1  | Reached XP level 18. HP: 140/140 MP: 16/34
 38767 | Swamp:1  | Noticed Kirke
 38779 | Swamp:1  | Killed Kirke
 39077 | Swamp:1  | Reached skill level 12 in Fighting
 39077 | Swamp:1  | Reached skill level 12 in Short Blades
 39077 | Swamp:1  | Reached skill level 12 in Long Blades
 39077 | Swamp:1  | Reached skill level 12 in Axes
 39077 | Swamp:1  | Reached skill level 12 in Maces & Flails
 39077 | Swamp:1  | Reached skill level 12 in Polearms
 39077 | Swamp:1  | Reached skill level 12 in Staves
 39077 | Swamp:1  | Reached skill level 12 in Slings
 39077 | Swamp:1  | Reached skill level 12 in Bows
 39077 | Swamp:1  | Reached skill level 12 in Crossbows
 39077 | Swamp:1  | Reached skill level 12 in Throwing
 39077 | Swamp:1  | Reached skill level 12 in Armour
 39077 | Swamp:1  | Reached skill level 12 in Shields
 39077 | Swamp:1  | Reached skill level 12 in Unarmed Combat
 39077 | Swamp:1  | Reached skill level 12 in Evocations
 39097 | Swamp:1  | Reached skill level 13 in Invocations
 39489 | Swamp:2  | Noticed Nikola
 39503 | Swamp:2  | Killed Nikola
 40094 | Swamp:2  | magus.rc [v1.9.6]
 40304 | D:8      | Bought a +6 ring of intelligence for 936 gold pieces
 40304 | D:8      | Bought an amulet of reflection for 480 gold pieces
 40890 | Swamp:2  | Reached skill level 13 in Spellcasting
 41422 | Swamp:2  | You pick up a book of Hexes and begin reading...
 41422 | Swamp:2  | You add the spells Inner Flame, Cause Fear and Discord to
                  | your library.
 42031 | Swamp:3  | Reached skill level 13 in Dodging
 42739 | Swamp:4  | Entered Level 4 of the Swamp
 42818 | Swamp:3  | Found a runed translucent door.
 42825 | Swamp:3  | Noticed Poplozom's ghost (adept FoAK)
 43253 | Swamp:4  | Reached skill level 13 in Stealth
 43664 | Swamp:4  | Noticed a tentacled monstrosity
 43676 | Swamp:4  | Killed a tentacled monstrosity
 43845 | Swamp:4  | Reached XP level 19. HP: 124/147 MP: 22/36
 44540 | Swamp:4  | Got a decaying rune of Zot
 44798 | Vaults:1 | Entered Level 1 of the Vaults
 45958 | Vaults:1 | Reached skill level 11 in Conjurations
 45958 | Vaults:1 | Reached skill level 11 in Hexes
 45958 | Vaults:1 | Reached skill level 11 in Summonings
 45958 | Vaults:1 | Reached skill level 11 in Necromancy
 45958 | Vaults:1 | Reached skill level 11 in Translocations
 45958 | Vaults:1 | Reached skill level 11 in Transmutations
 45958 | Vaults:1 | Reached skill level 11 in Fire Magic
 45958 | Vaults:1 | Reached skill level 11 in Air Magic
 45958 | Vaults:1 | Reached skill level 11 in Earth Magic
 45958 | Vaults:1 | Reached skill level 11 in Poison Magic
 45967 | Vaults:1 | Paralysed by something for 6 turns
 46142 | Vaults:1 | You are cast into the Abyss!
 46142 | Vaults:1 | Cast into level 3 of the Abyss (a wizard)
 46155 | Abyss:3  | HP: 36/148 [tengu reaver (3)]
 46161 | Vaults:1 | You pass through the gate.
 46161 | Vaults:1 | Escaped the Abyss
 46182 | Vaults:1 | HP: 37/148 [vault warden (6)]
 46184 | Vaults:1 | HP: 16/148 [deep troll[an ironbound preserver] (7)]
 46191 | Vaults:1 | HP: 9/148 [deep troll[an ironbound preserver] (2)]
 46191 | Vaults:1 | Slain by a vault warden

Vanquished Creatures
  Nikola (Swamp:2)
  A tentacled monstrosity (Swamp:4)
  Agnes (D:14)
  A thorn hunter (Swamp:4)
  The ghost of mandarbmax the Impaler, an adept MfBe of Trog (D:15)
  2 ghost moths (Spider:4)
  4 ghouls
  5 emperor scorpions
  3 ironbound preservers (Vaults:1)
  An entropy weaver (Spider:4)
  2 spark wasps (Spider:4)
  A dire elephant (Vaults:1)
  A minotaur (Gauntlet)
  A bunyip (Swamp:4)
  Snorg (D:11)
  4 eleionomae
  Josephine (D:14)
  A fire dragon (Swamp:4)
  8 boulder beetles
  2 vault guards (D:14)
  A yaktaur captain (Vaults:1)
  An ironbound thunderhulk (Vaults:1)
  An ogre mage (Vaults:1)
  A ghost crab (Swamp:2)
  3 catoblepae
  15 hydras
  7 alligators
  4 ironbound frosthearts (Vaults:1)
  6 centaur warriors
  6 dancing weapons (D:13)
  A tengu warrior (D:15)
  A two-headed ogre (D:10)
  3 death knights (D:14)
  10 death yaks
  2 death scarabs (Gauntlet)
  2 ironbound beastmasters (Vaults:1)
  Nergalle (D:11)
  A shadow wraith (D:15)
  5 spriggan druids
  A fire crab (Swamp:4)
  6 deep trolls (Vaults:1)
  5 goliath frogs
  14 bog bodies
  3 swamp dragons
  A deep elf zephyrmancer (D:15)
  A necromancer (D:15)
  2 ironbound convokers (Vaults:1)
  8 orb spiders
  3 lindwurms
  A wizard (Vaults:1)
  2 orc knights (D:15)
  4 will-o-the-wisps
  17 wolf spiders
  2 orc sorcerers (D:15)
  15 ugly things
  4 cyclopes
  11 elephants
  A worldbinder (Gauntlet)
  Maurice (D:13)
  3 manticores
  4 moths of wrath
  3 torpor snails (Lair:4)
  2 vault sentinels (Vaults:1)
  12 black mambas
  2 gargoyles
  9 cane toads
  A naga mage (D:15)
  17 komodo dragons
  3 unseen horrors
  4 demonic crawlers
  9 rime drakes
  11 yaktaurs (Vaults:1)
  3 freezing wraiths
  An efreet (D:15)
  4 trolls
  21 jumping spiders
  10 hornets
  Grinder (D:6)
  A polar bear (Lair:5)
  6 tyrant leeches
  21 slime creatures
  31 blink frogs
  4 dream sheep
  5 spriggans
  19 tarantellas
  7 wyverns
  50 redbacks
  4 shadows
  Sigmund (D:6)
  A tarantella (shapeshifter) (D:13)
  61 yaks
  8 basilisks
  9 wraiths
  20 humans (D:14)
  A spectral komodo dragon (Gauntlet)
  A golden eye (shapeshifter) (D:15)
  A vampire (D:13)
  A chaos spawn (Gauntlet)
  A neqoxec (Gauntlet)
  4 steam dragons
  14 vampire mosquitoes
  Menkaure (D:6)
  17 swamp worms
  Edmund (D:4)
  An acid dragon (D:12)
  12 water moccasins
  A spectral torpor snail (Gauntlet)
  2 swamp drakes (Swamp:4)
  2 sky beasts
  7 orc warriors
  2 ice beasts
  3 black bears
  7 necrophages
  15 centaurs
  14 wolves
  An ogre (D:5)
  3 boggarts (Gauntlet)
  3 kobold brigands
  11 bullfrogs
  3 wyvern zombies
  7 scorpions
  2 water moccasin skeletons
  5 killer bees (D:10)
  2 electric eels (Lair:4)
  7 howler monkeys
  2 centaur zombies
  3 lava snakes (Lair:6)
  2 hounds
  2 jellies (D:7)
  A gnoll shaman (D:3)
  5 orc priests
  4 centaur skeletons
  A bullfrog skeleton (D:5)
  Terence (D:2)
  4 iguanas
  Ijyb (D:5)
  5 orc wizards
  A killer bee zombie (D:5)
  5 gnolls (D:3)
  5 adders
  3 shadow imps
  14 white imps
  2 ufetubi
  6 worms
  5 dart slugs
  24 orcs
  5 bats
  12 endoplasms
  5 giant cockroaches
  14 goblins
  4 hobgoblins
  4 jackals (D:4)
  2 quokkas
  8 ball pythons
  16 kobolds
  5 rats
  A butterfly (Lair:1)
907 creatures vanquished.

Vanquished Creatures (collateral kills)
  A thorn hunter (Swamp:1)
  Frances (Swamp:1)
  Kirke (Swamp:1)
  An emperor scorpion (Spider:4)
  A ghost moth (Spider:4)
  A ghoul (Swamp:4)
  An entropy weaver (Spider:1)
  3 bunyips
  2 fire dragons (Swamp:4)
  2 eleionomae
  7 hydras (Swamp:4)
  A catoblepas (Lair:6)
  5 death yaks (Lair:6)
  A deep troll (Vaults:1)
  2 bog bodies (Swamp:4)
  3 swamp dragons (Swamp:4)
  17 orb spiders
  3 wolf spiders
  A will-o-the-wisp (Swamp:1)
  2 ugly things (D:15)
  A torpor snail (Spider:4)
  A cane toad (Lair:6)
  A komodo dragon (Lair:6)
  3 demonic crawlers
  A tengu conjurer (D:15)
  A tyrant leech (Swamp:2)
  18 jumping spiders
  4 hornets
  3 dream sheep (Lair:6)
  2 spriggans
  5 tarantellas
  10 yaks (Lair:6)
  6 hogs (Swamp:1)
  27 redbacks
  3 steam dragons (Swamp:4)
  2 humans (D:14)
  4 swamp worms
  A water moccasin (Lair:6)
  5 swamp drakes (Swamp:4)
  A necrophage (Swamp:4)
155 creatures vanquished.

Vanquished Creatures (others)
  A hydra (Swamp:4)
  A lindwurm (Swamp:4)
  2 wizards
  A bloated husk (Swamp:4)
  A human (Swamp:1)
  2 swamp worms
  A swamp drake (Swamp:4)
  An electric eel (Spider:4)
  A bullfrog skeleton (D:7)
  29 foxfires
  22 fungi
  40 plants
  A withered plant (Gauntlet)
103 creatures vanquished.

Grand Total: 1165 creatures vanquished

Table legend:
 A = Non-vault XP
 B = Vault XP
 C = Vault XP percentage of total XP
 D = Non-vault monster count
 E = Vault monster count
 F = Vault count percentage of total count
                 A         B        C        D         E       F
            +---------+---------+-------+---------+---------+-------
      Total |  219125 |  127485 |  36.8 |     747 |     320 |  30.0
            +---------+---------+-------+---------+---------+-------
        D:1 |      23 |       0 |   0.0 |      14 |       0 |   0.0
        D:2 |      35 |      36 |  50.7 |      13 |       1 |   7.1
        D:3 |     343 |      18 |   5.0 |      31 |       7 |  18.4
        D:4 |     517 |     340 |  39.7 |      24 |       6 |  20.0
        D:5 |     336 |      25 |   6.9 |      10 |       1 |   9.1
        D:6 |    1002 |     667 |  40.0 |      14 |       3 |  17.6
        D:7 |     756 |     526 |  41.0 |      19 |      14 |  42.4
        D:8 |     729 |       0 |   0.0 |       8 |       0 |   0.0
        D:9 |    1287 |     399 |  23.7 |      14 |       3 |  17.6
       D:10 |    3174 |       0 |   0.0 |      16 |       0 |   0.0
       D:11 |    4377 |    2343 |  34.9 |      17 |       3 |  15.0
       D:12 |    4001 |       0 |   0.0 |      14 |       0 |   0.0
       D:13 |    9074 |    6039 |  40.0 |      27 |      19 |  41.3
       D:14 |    7645 |   10092 |  56.9 |      13 |      31 |  70.5
       D:15 |   13459 |    8350 |  38.3 |      32 |      17 |  34.7
     Lair:1 |    3768 |       0 |   0.0 |      18 |       0 |   0.0
     Lair:2 |    5575 |       0 |   0.0 |      18 |       0 |   0.0
     Lair:3 |   14653 |     768 |   5.0 |      51 |       9 |  15.0
     Lair:4 |   11848 |   15162 |  56.1 |      28 |      37 |  56.9
     Lair:5 |   11911 |       0 |   0.0 |      47 |       0 |   0.0
     Lair:6 |    9916 |    8510 |  46.2 |      37 |      23 |  38.3
    Swamp:1 |   12088 |   10398 |  46.2 |      25 |      19 |  43.2
    Swamp:2 |    9198 |   10856 |  54.1 |      20 |      14 |  41.2
    Swamp:3 |   14076 |       0 |   0.0 |      22 |       0 |   0.0
    Swamp:4 |   17005 |    9605 |  36.1 |      27 |      29 |  51.8
   Spider:1 |   14865 |       0 |   0.0 |      51 |       0 |   0.0
   Spider:2 |   19560 |       0 |   0.0 |      68 |       0 |   0.0
   Spider:3 |    4292 |       0 |   0.0 |       8 |       0 |   0.0
   Spider:4 |    9718 |   19204 |  66.4 |      35 |      49 |  58.3
   Vaults:1 |   13894 |   19695 |  58.6 |      26 |      24 |  48.0
   Gauntlet |       0 |    4452 | 100.0 |       0 |      11 | 100.0
            +---------+---------+-------+---------+---------+-------

Illustrated notes

Table legend:
 A = Kills in this place as a percentage of kills in entire the game.
 B = Kills by you in this place as a percentage of kills by you in the entire game.
 C = Kills by friends in this place as a percentage of kills by friends in the entire game.
 D = Other kills in this place as a percentage of other kills in the entire game.
 E = Experience gained in this place as a percentage of experience gained in the entire game.
 F = Experience gained in this place divided by the number of levels of this place that you have seen.
                   A       B       C       D       E      F
               +-------+-------+-------+-------+-------+----------------------
         Total | 100.0 | 100.0 | 100.0 | 100.0 | 100.0 | 10194.4
       Dungeon |  34.8 |  40.1 |   3.2 |  50.0 |  21.8 | 5039.5
          Lair |  25.1 |  26.9 |  15.5 |   0.0 |  23.7 | 13685.2
         Swamp |  14.6 |  11.7 |  30.3 |  50.0 |  24.0 | 20806.5
   Spider Nest |  19.8 |  14.7 |  50.3 |   0.0 |  19.5 | 16909.8
        Vaults |   4.7 |   5.4 |   0.6 |   0.0 |   9.7 | 16794.5
      Gauntlet |   1.0 |   1.2 |   0.0 |   0.0 |   1.3 | 4452.0
               +-------+-------+-------+-------+-------+----------------------

Table legend: (Time is in decaauts)
 A = Elapsed time spent in this place.
 B = Non-inter-level travel time spent in this place.
 C = Inter-level travel time spent in this place.
 D = Time resting spent in this place.
 E = Time spent auto-exploring this place.
 F = Levels seen in this place.
 G = Mean time per level.
                   A        B        C        D        E       F      G
               +--------+--------+--------+--------+--------+-----+--------+
         Total |  64961 |  59079 |   5882 |  13507 |  33447 |  34 | 1910.6 |
       Dungeon |  27807 |  24796 |   3011 |   5837 |  15065 |  15 | 1853.8 |
        Temple |     16 |      8 |      8 |      0 |      0 |   1 |   16.0 |
          Lair |  16653 |  15093 |   1560 |   3217 |   9028 |   6 | 2775.5 |
         Swamp |   9021 |   8161 |    860 |   2487 |   3798 |   4 | 2255.2 |
   Spider Nest |   8838 |   8397 |    441 |   1161 |   5060 |   4 | 2209.5 |
        Vaults |   1896 |   1896 |      0 |    667 |    495 |   2 |  948.0 |
         Abyss |     28 |     28 |      0 |      0 |      0 |   1 |   28.0 |
      Gauntlet |    699 |    699 |      0 |    137 |      0 |   1 |  699.0 |
               +--------+--------+--------+--------+--------+-----+--------+

Top non-repeatable levels by time:
  Lair:4: 4121 daAuts
    D:15: 3209 daAuts
    D:11: 3180 daAuts
  Lair:2: 2922 daAuts
Spider:2: 2763 daAuts
Spider:4: 2710 daAuts
  Lair:5: 2584 daAuts
    D:13: 2546 daAuts
  Lair:3: 2545 daAuts
  Lair:6: 2512 daAuts
 Swamp:3: 2410 daAuts
 Swamp:1: 2325 daAuts
    D:14: 2284 daAuts
 Swamp:2: 2283 daAuts
     D:3: 2081 daAuts
